 Seeded DCSS version 0.27.1-3-gb3d3a73c9e (webtiles) character file.

Game seed: 20211020 (custom seed)

5 jessy the Sneak (level 1, -3/14 HPs)
             Began as an Octopode Brigand on Oct 20, 2021.
             Slain by a quokka (5 damage)
             ... on level 1 of the Dungeon.
             The game lasted 00:01:33 (401 turns).

jessy the Sneak (Octopode Brigand)                   Turns: 401, Time: 00:01:33

Health: -3/14      AC:  1    Str: 10    XL:     1   Next: 80%
Magic:  1/1        EV: 12    Int: 13    God:
Gold:   13         SH:  0    Dex: 13    Spells: 0/0 levels left

rFire    . . .     SeeInvis .   a - +2 dagger
rCold    . . .     Faith    .   (no shield)
rNeg     . . .     Spirit   .   (helmet restricted)
rPois    .         Reflect  .   (no amulet)
rElec    .         Harm     .   (no ring)
rCorr    .         Rampage  .   (no ring)
Will     .....                  (no ring)
Stlth    ++++......             (no ring)
HPRegen  0.04/turn              (no ring)
MPRegen  0.07/turn              (no ring)
                                (no ring)
                                (no ring)

@: no status effects
A: almost no armour, amphibious, 8 rings, camouflage 1, gelatinous body 1,
(nimble swimmer 1), tentacles
a: no special abilities


You were on level 1 of the Dungeon.
You visited 1 branch of the dungeon, and saw 1 of its levels.

You collected 13 gold pieces.

Inventory:

Hand Weapons
 a - a +2 dagger (weapon)
Missiles
 b - 8 poisoned darts (quivered)
 c - 2 curare-tipped darts
 d - 44 stones
Scrolls
 f - a scroll of silence {unknown}
Potions
 e - a potion of ambrosia {unknown}


   Skills:
 + Level 2.1 Fighting
 + Level 2.0 Short Blades
 + Level 2.0 Throwing
 + Level 1.0 Dodging
 + Level 5.7 Stealth


You couldn't memorise any spells.
You didn't know any spells.
Your spell library was empty.

Dungeon Overview and Level Annotations

Branches:
Dungeon (1/15)

Altars:


Innate Abilities, Weirdness & Mutations

You cannot wear most types of armour.
You are amphibious.
You can wear up to eight rings at the same time.
Your skin changes colour to match your surroundings (Stealth+).
Your rubbery body absorbs attacks. (AC +1, EV +1)
((You are camouflaged near water. (Stealth+)))
You have tentacles for arms and can constrict up to eight enemies at once.


Message History

You hit the frilled lizard.
You kill the frilled lizard!
You start resting.
HP restored.
You start waiting.
Done waiting.
A ball python comes into view.
Found a scroll labelled DYX AMOFOTUA.
f - a scroll labelled DYX AMOFOTUA A rat comes into view.
Found 18 stones.
You hit the rat.
You kill the rat!
d - 44 stones (gained 18)
You open the door. You open the door.
An endoplasm and a goblin come into view.
There is an open door here.
Welcome back, jessy the Octopode Brigand.
Game seed: 20211020 (custom seed) Press ? for a list of commands and other information.
You open the door.
A quokka, a hobgoblin and a kobold come into view.
The hobgoblin shouts!
The kobold shouts!
The kobold throws a stone.
The stone hits you. The hobgoblin hits you.
You hit the hobgoblin. You grab the hobgoblin.
The hobgoblin is severely wounded.
You constrict the hobgoblin. The hobgoblin completely misses you.
You barely miss the hobgoblin. Your squeeze misses the hobgoblin.
The hobgoblin is almost dead.
You constrict the hobgoblin.
You kill the hobgoblin!
The quokka bites you. x2
* * * LOW HITPOINT WARNING * * *
The quokka closely misses you.
You hit the quokka. Your grab misses the quokka.
The quokka is moderately wounded.
The quokka bites you.
You die...

#....#†#
#....#..#
##....##.#
#.....# .#
#######.#'###
..
#.......#.#
#.#
#.#######.#
.. ####.#
###.# #
#....# #@..#
##..# #'####
#r#####.....#
....
#K....r.K....
#.....g
#######....#.
##...... ...#
#......# ..#
#......# .#
#...J..# #


You could see a quokka and a kobold.

Vanquished Creatures
  A giant cockroach (D:1)
  2 hobgoblins (D:1)
  A frilled lizard (D:1)
  A rat (D:1)
5 creatures vanquished.

Notes
Turn   | Place    | Note
-------+----------+-------------------------------------------
     0 | D:1      | jessy the Octopode Brigand began the quest for the Orb.
     0 | D:1      | Reached XP level 1. HP: 14/14 MP: 1/1
   401 | D:1      | Slain by a quokka

Illustrated notes

Levels and vault maps discovered:
D:1:      minmay_arrival_split_and_join, layout_basic, minmay_domino_4

Action                   || total
-------------------------++-------
Melee: Dagger            ||     7
       Constrict         ||     1
 Stab: Sleeping          ||     1
Armor: Skin              ||     1
Dodge: Dodged            ||     3
